[ AOE2 MATCH · #486313010 ]
UnrankedChinese vs Mongols
Player's team · LOSS
Rival team · WIN
[ REPLAY ANALYSIS · EXTRACTED FROM THE RECORDED GAME ]
Feudal
9:12
Castle
19:12
Imperial
—
| APM avg | 68.6 |
| APM peak | 102 |
| eAPM avg | 44.9 |
| Villagers / military | 60 / 25 |
Focus
⚔️ 60.6% · 🌾 39.4%
Archer ×20 · Iron Pagoda ×3 · Monk ×1 · Battering Ram ×1
Feudal
8:26
Castle
16:58
Imperial
—
| APM avg | 73.2 |
| APM peak | 99 |
| eAPM avg | 24.4 |
| Villagers / military | 57 / 34 |
Focus
⚔️ 29.2% · 🌾 70.8%
Knight ×12 · Mangonel ×6 · Skirmisher ×5 · Monk ×4 · Archer ×4 · Battering Ram ×2
Match map
Initial resources + every placement click. Lines = walls · curves = elevation contours. ◆ gold · ⬟ stone · ● berries · ✦ relic · ◌ wall gap
Your base· ✓ Closed at 19:12 · 30t walls · 1 gate(s)
Hoanginator's base· Open — opponent sealed themselves in
Smoothed initial terrain · ◌ = detected wall gap · hover for details
Inputs per minute
— SalzZ_wide - - Hoanginator
Build order — SalzZ_wide
First 150 of 167 actions detected
| 0:00 | Research | Loom |
| 0:01 | Research | Loom |
| 0:43 | Create | Villager (Male) |
| 0:44 | Create | Villager (Male) |
| 1:09 | Create | Villager (Male) |
| 1:22 | Build | Lumber Camp |
| 1:33 | Create | Villager (Male) |
| 1:33 | Create | Villager (Male) |
| 2:02 | Create | Villager (Male) |
| 2:27 | Create | Villager (Male) |
| 2:28 | Create | Villager (Male) |
| 2:50 | Create | Villager (Male) |
| 2:59 | Build | House |
| 3:00 | Build | House |
| 3:09 | Create | Villager (Male) |
| 3:09 | Create | Villager (Male) |
| 3:30 | Create | Villager (Male) |
| 3:30 | Create | Villager (Male) |
| 3:49 | Create | Villager (Male) |
| 4:07 | Create | Villager (Male) |
| 4:09 | Build | Mill |
| 4:24 | Create | Villager (Male) |
| 5:07 | Create | Villager (Male) |
| 5:08 | Create | Villager (Male) |
| 5:08 | Create | Villager (Male) |
| 5:18 | Create | Villager (Male) |
| 6:54 | Research | Feudal Age |
| 6:54 | Research | Feudal Age |
| 7:35 | Build | Lumber Camp |
| 7:37 | Build | House |
| 8:07 | Create | Villager (Male) |
| 8:07 | Create | Villager (Male) |
| 8:13 | Build | Barracks |
| 8:30 | Build | House |
| 8:56 | Create | Villager (Male) |
| 9:12 | Build | House |
| 9:12 | Age | Feudal Age |
| 9:14 | Build | Palisade Wall |
| 9:17 | Research | Double-Bit Axe |
| 9:44 | Build | Archery Range |
| 9:46 | Build | Palisade Wall |
| 9:47 | Create | Villager (Male) |
| 9:56 | Build | Mining Camp |
| 9:59 | Create | Villager (Male) |
| 10:04 | Build | Palisade Wall |
| 10:05 | Build | Palisade Wall |
| 10:15 | Build | House |
| 10:17 | Build | Palisade Wall |
| 10:20 | Create | Villager (Male) |
| 10:24 | Research | Horse Collar |
| 10:28 | Create | Villager (Male) |
| 10:30 | Build | Farm |
| 10:36 | Create | Archer |
| 10:41 | Create | Villager (Male) |
| 10:59 | Create | Archer |
| 11:04 | Build | House |
| 11:08 | Create | Villager (Male) |
| 11:09 | Build | House |
| 11:13 | Create | Villager (Male) |
| 11:17 | Build | Palisade Wall |
| 11:25 | Build | House |
| 11:38 | Create | Archer |
| 11:39 | Create | Villager (Male) |
| 11:43 | Build | Farm |
| 11:44 | Build | Farm |
| 11:47 | Build | Farm |
| 11:59 | Create | Archer |
| 12:03 | Build | Farm |
| 12:21 | Create | Archer |
| 12:23 | Create | Villager (Male) |
| 12:36 | Build | Farm |
| 12:37 | Build | Farm |
| 12:46 | Build | Palisade Gate |
| 12:48 | Build | House |
| 12:50 | Build | Palisade Wall |
| 12:52 | Create | Archer |
| 13:13 | Build | Farm |
| 13:13 | Create | Villager (Male) |
| 13:21 | Create | Villager (Male) |
| 13:26 | Build | Farm |
| 13:27 | Build | Farm |
| 13:27 | Build | Farm |
| 13:28 | Create | Villager (Male) |
| 13:31 | Create | Archer |
| 13:43 | Create | Villager (Male) |
| 13:46 | Build | Farm |
| 13:49 | Build | Farm |
| 14:06 | Create | Villager (Male) |
| 14:19 | Build | House |
| 14:20 | Create | Archer |
| 14:25 | Create | Villager (Male) |
| 14:35 | Build | Farm |
| 14:40 | Build | Farm |
| 14:43 | Create | Villager (Male) |
| 14:52 | Build | House |
| 14:52 | Build | House |
| 14:53 | Build | House |
| 15:10 | Create | Archer |
| 15:30 | Build | Blacksmith |
| 15:31 | Build | House |
| 15:43 | Create | Villager (Male) |
| 15:45 | Create | Archer |
| 16:00 | Build | House |
| 16:01 | Build | House |
| 16:32 | Research | Castle Age |
| 16:32 | Research | Castle Age |
| 16:32 | Research | Castle Age |
| 16:36 | Create | Archer |
| 16:42 | Build | House |
| 16:43 | Build | House |
| 17:01 | Create | Archer |
| 17:04 | Research | Fletching |
| 17:05 | Research | Fletching |
| 17:34 | Create | Archer |
| 17:38 | Research | Gold Mining |
| 18:05 | Create | Archer |
| 18:19 | Create | Archer |
| 18:24 | Create | Villager (Male) |
| 18:41 | Build | Archery Range |
| 18:49 | Build | Stone Wall |
| 18:52 | Create | Archer |
| 19:12 | Age | Castle Age |
| 19:17 | Build | Siege Workshop |
| 19:31 | Create | Villager (Male) |
| 19:31 | Create | Villager (Male) |
| 19:33 | Build | Watch Tower |
| 19:33 | Create | Villager (Male) |
| 19:44 | Build | Watch Tower |
| 19:46 | Research | Bodkin Arrow |
| 19:47 | Research | Bodkin Arrow |
| 19:47 | Research | Crossbowman (upgrade) |
| 19:48 | Research | Crossbowman (upgrade) |
| 20:04 | Create | Villager (Male) |
| 20:34 | Create | Iron Pagoda |
| 20:40 | Create | Villager (Male) |
| 20:47 | Create | Villager (Male) |
| 20:55 | Create | Villager (Male) |
| 21:07 | Create | Archer |
| 21:42 | Create | Archer |
| 21:45 | Create | Villager (Male) |
| 21:55 | Create | Villager (Male) |
| 22:10 | Create | Archer |
| 22:10 | Create | Archer |
| 22:11 | Build | Market |
| 22:12 | Create | Villager (Male) |
| 22:30 | Create | Villager (Male) |
| 22:34 | Create | Villager (Male) |
| 22:34 | Create | Villager (Male) |
| 22:38 | Create | Villager (Male) |
| 22:42 | Build | House |
Build order — Hoanginator
First 150 of 153 actions detected
| 0:00 | Create | Villager (Male) |
| 0:01 | Create | Villager (Male) |
| 0:01 | Build | House |
| 0:02 | Build | House |
| 0:06 | Create | Villager (Male) |
| 0:06 | Create | Villager (Male) |
| 1:32 | Create | Villager (Male) |
| 1:32 | Create | Villager (Male) |
| 2:00 | Create | Villager (Male) |
| 2:01 | Create | Villager (Male) |
| 2:03 | Create | Villager (Male) |
| 2:27 | Create | Villager (Male) |
| 2:27 | Create | Villager (Male) |
| 2:27 | Create | Villager (Male) |
| 3:03 | Create | Villager (Male) |
| 3:03 | Create | Villager (Male) |
| 3:14 | Build | Lumber Camp |
| 3:34 | Create | Villager (Male) |
| 3:34 | Create | Villager (Male) |
| 3:35 | Build | House |
| 3:55 | Create | Villager (Male) |
| 3:55 | Create | Villager (Male) |
| 3:56 | Create | Villager (Male) |
| 3:56 | Create | Villager (Male) |
| 4:11 | Create | Villager (Male) |
| 4:11 | Create | Villager (Male) |
| 5:18 | Create | Villager (Male) |
| 5:21 | Build | Mining Camp |
| 5:44 | Create | Villager (Male) |
| 6:07 | Research | Feudal Age |
| 6:08 | Research | Feudal Age |
| 6:34 | Build | House |
| 7:14 | Create | Villager (Male) |
| 7:19 | Build | Barracks |
| 7:44 | Create | Villager (Male) |
| 7:59 | Create | Villager (Male) |
| 8:13 | Build | House |
| 8:14 | Build | Palisade Wall |
| 8:26 | Age | Feudal Age |
| 8:28 | Build | Archery Range |
| 8:35 | Research | Double-Bit Axe |
| 8:38 | Create | Villager (Male) |
| 8:46 | Create | Villager (Male) |
| 8:56 | Build | Mill |
| 9:08 | Build | House |
| 9:16 | Create | Archer |
| 9:16 | Create | Archer |
| 9:26 | Create | Villager (Male) |
| 9:39 | Create | Archer |
| 9:44 | Build | Farm |
| 10:04 | Build | Farm |
| 10:05 | Create | Archer |
| 10:10 | Create | Villager (Male) |
| 10:15 | Build | House |
| 10:15 | Build | Palisade Wall |
| 10:16 | Build | Palisade Wall |
| 10:21 | Build | Palisade Wall |
| 10:31 | Create | Villager (Male) |
| 10:35 | Build | Palisade Wall |
| 10:36 | Build | Palisade Wall |
| 10:38 | Build | Palisade Wall |
| 10:39 | Build | Palisade Wall |
| 10:46 | Build | Palisade Wall |
| 10:47 | Build | Palisade Wall |
| 10:48 | Build | Palisade Wall |
| 10:49 | Build | Palisade Wall |
| 10:55 | Build | Palisade Wall |
| 10:58 | Create | Villager (Male) |
| 11:00 | Build | Farm |
| 11:01 | Build | Farm |
| 11:19 | Build | Farm |
| 11:21 | Create | Villager (Male) |
| 11:48 | Build | Farm |
| 12:00 | Build | House |
| 12:01 | Build | Palisade Wall |
| 12:38 | Research | Loom |
| 12:40 | Build | Farm |
| 12:41 | Build | Farm |
| 12:45 | Create | Villager (Male) |
| 12:53 | Build | House |
| 13:16 | Create | Villager (Male) |
| 13:30 | Build | Market |
| 13:51 | Create | Skirmisher |
| 13:53 | Create | Villager (Male) |
| 14:11 | Research | Castle Age |
| 14:11 | Research | Castle Age |
| 14:19 | Create | Skirmisher |
| 14:20 | Create | Skirmisher |
| 14:56 | Build | Lumber Camp |
| 15:26 | Create | Skirmisher |
| 15:41 | Build | Blacksmith |
| 16:07 | Create | Villager (Male) |
| 16:17 | Research | Fletching |
| 16:20 | Build | Stable |
| 16:51 | Create | Skirmisher |
| 16:58 | Age | Castle Age |
| 17:02 | Build | Siege Workshop |
| 17:03 | Create | Knight |
| 17:05 | Create | Villager (Male) |
| 17:10 | Create | Villager (Male) |
| 17:27 | Create | Knight |
| 17:39 | Create | Battering Ram |
| 17:39 | Create | Battering Ram |
| 17:43 | Build | House |
| 17:59 | Create | Scorpion |
| 18:04 | Create | Villager (Male) |
| 18:19 | Create | Mangonel |
| 18:19 | Create | Mangonel |
| 18:52 | Create | Mangonel |
| 18:52 | Create | Mangonel |
| 18:53 | Create | Villager (Male) |
| 18:53 | Create | Villager (Male) |
| 18:54 | Create | Villager (Male) |
| 19:27 | Build | Monastery |
| 19:37 | Create | Villager (Male) |
| 19:37 | Create | Villager (Male) |
| 19:57 | Create | Knight |
| 19:58 | Create | Knight |
| 19:58 | Create | Villager (Male) |
| 19:59 | Create | Villager (Male) |
| 20:00 | Build | Farm |
| 20:01 | Create | Villager (Male) |
| 20:04 | Create | Monk |
| 20:04 | Create | Monk |
| 20:05 | Build | House |
| 20:16 | Create | Villager (Male) |
| 20:17 | Build | Farm |
| 20:19 | Build | Farm |
| 20:20 | Create | Villager (Male) |
| 21:14 | Create | Mangonel |
| 21:55 | Create | Villager (Male) |
| 21:55 | Create | Villager (Male) |
| 21:55 | Build | Farm |
| 21:56 | Build | Farm |
| 22:04 | Create | Knight ×2 |
| 22:04 | Create | Knight ×2 |
| 22:38 | Create | Villager (Male) |
| 22:38 | Create | Villager (Male) |
| 22:39 | Build | Farm |
| 22:40 | Build | Farm |
| 22:55 | Build | House |
| 22:57 | Create | Knight |
| 22:57 | Create | Knight |
| 23:02 | Create | Knight |
| 23:04 | Create | Monk |
| 23:04 | Create | Monk |
| 23:18 | Create | Villager (Male) |
| 23:19 | Build | House |
| 23:20 | Build | House |
| 23:32 | Create | Knight |
Match timeline
| 7:19 | Hoanginator · first_building Barracks |
| 8:13 | SalzZ_wide · first_building Barracks |
| 8:14 | Hoanginator · wall_segment Palisade Wall x1 |
| 8:26 | Hoanginator · age_up feudal |
| 8:28 | Hoanginator · first_building Archery Range |
| 9:12 | SalzZ_wide · age_up feudal |
| 9:14 | SalzZ_wide · wall_segment Palisade Wall x5 |
| 9:44 | SalzZ_wide · first_building Archery Range |
| 9:46 | SalzZ_wide · wall_segment Palisade Wall x1 |
| 10:04 | SalzZ_wide · wall_segment Palisade Wall x2 |
| 10:05 | SalzZ_wide · wall_segment Palisade Wall x4 |
| 10:15 | Hoanginator · wall_segment Palisade Wall x1 |
| 10:16 | Hoanginator · wall_segment Palisade Wall x3 |
| 10:17 | SalzZ_wide · wall_segment Palisade Wall x4 |
| 10:21 | Hoanginator · wall_segment Palisade Wall x7 |
| 10:35 | Hoanginator · wall_segment Palisade Wall x5 |
| 10:36 | Hoanginator · wall_segment Palisade Wall x5 |
| 10:38 | Hoanginator · wall_segment Palisade Wall x1 |
| 10:39 | Hoanginator · wall_segment Palisade Wall x1 |
| 10:46 | Hoanginator · wall_segment Palisade Wall x1 |
| 10:47 | Hoanginator · wall_segment Palisade Wall x1 |
| 10:48 | Hoanginator · wall_segment Palisade Wall x2 |
| 10:49 | Hoanginator · wall_segment Palisade Wall x5 |
| 10:55 | Hoanginator · wall_segment Palisade Wall x11 |
| 11:17 | SalzZ_wide · wall_segment Palisade Wall x7 |
| 12:01 | Hoanginator · wall_segment Palisade Wall x1 |
| 12:50 | SalzZ_wide · wall_segment Palisade Wall x1 |
| 14:09 | Hoanginator · first_market_buy 500 food |
| 14:09 | Hoanginator · first_market_sell 500 stone |
| 16:20 | Hoanginator · first_building Stable |
| 16:58 | Hoanginator · age_up castle |
| 17:02 | Hoanginator · first_building Siege Workshop |
| 18:49 | SalzZ_wide · wall_segment Stone Wall x6 |
| 19:12 | SalzZ_wide · age_up castle |
| 19:17 | SalzZ_wide · first_building Siege Workshop |
| 19:27 | Hoanginator · first_building Monastery |
| 22:45 | SalzZ_wide · first_building Monastery |
| 22:51 | SalzZ_wide · first_market_sell 100 wood |
| 24:32 | SalzZ_wide · resign |
[ AI ANALYSIS · 1 CREDIT ]
What really happened in this match?
Wolo.gg analyzes every decision: build order, eco, micro, common mistakes by bracket. Personalized analysis on WhatsApp or Discord in 30 seconds.
Civ guide
Chinese
Perfil
Jugador #3747802